Map: Terraform LE (Void)

Players

qxc

  • Race: Terran Terran
  • League: Master

Beastyqt - Winner!

  • Race: Terran Terran
  • League: Master

Event: Lycan League Weekly August #2

VOD

Have the link to the VOD?

Description

Time

  • Played on: Aug. 10, 2015, 3:35 p.m.
  • Length: 25:36

All games in this series

Show
View Real Time Build Order
Export as new Build Order

qxc Terran 

Build Orders: Reaper Expand, Bio Tank, Banshee Rush 

Get SALT Encoding   

  12  0:01  SCV  
  13  0:13  SCV  
  14  0:18  Supply Depot  
  14  0:25  SCV  
  15  0:33  Refinery  
  15  0:39  SCV  
  16  0:45  Barracks  
  16  0:51  SCV  
  17  1:03  SCV  
  18  1:16  SCV  
  19  1:32  Reaper, Orbital Command  
  20  1:52  Command Center  
  20  1:58  SCV  
  20  1:59  Supply Depot  
  21  2:04  Reaper  
  22  2:10  SCV  
  22  2:15  Factory  
  23  2:22  SCV  
  24  2:26  Supply Depot  
  24  2:34  SCV  
  25  2:38  Marine  
  26  2:46  SCV  
  26  2:51  Refinery  
  26  2:56  Marine  
  29  2:58  SCV, Hellion  
  29  2:59  Starport  
  29  3:04  Orbital Command  
  30  3:10  SCV  
  30  3:20  Barracks Tech Lab  
  30  3:21  Hellion  
  30  3:22  SCV  
  33  3:29  SCV  
  34  3:35  SCV  
  33  3:41  SCV  
  33  3:42  Hellion  
  33  3:47  SCV  
  37  3:54  SCV  
  38  3:56  Banshee, Cloaking Field  
  38  3:58  Barracks Reactor  
  38  3:59  SCV  
  38  4:02  Barracks  
  42  4:03  Barracks  
  42  4:06  SCV  
  42  4:07  Hellion  
  45  4:11  SCV  
  45  4:15  Engineering Bay  
  46  4:18  SCV  
  46  4:23  SCV  
  48  4:26  Supply Depot  
  48  4:29  Refinery  
  48  4:30  SCV, Refinery  
  49  4:31  Factory Tech Lab  
  49  4:35  SCV  
  49  4:39  Banshee, Marine x2  
  54  4:47  Supply Depot, SCV  
  54  4:48  SCV  
  54  4:52  Supply Depot, Barracks Tech Lab, Siege Tank  
  59  4:55  Barracks Tech Lab  
  59  4:57  Marine  
  59  4:59  Marine  
  60  5:00  SCV  
  62  5:09  SCV  
  62  5:11  Supply Depot x2  
  62  5:12  SCV  
  62  5:13  Stimpack  
  64  5:15  Combat Shields  
  64  5:17  Marine  
  65  5:21  Marine x2  
  65  5:23  Marine  
  65  5:24  SCV  
  69  5:31  SCV  
  69  5:35  Banshee, Siege Tank, Marine  
  73  5:39  Marine  
  74  5:46  Marine x2  
  76  5:52  Command Center  
  76  5:53  Marine  
  77  6:03  Terran Infantry Weapons Level 1  
  77  6:07  Barracks x2  
  77  6:09  SCV x2, Marine x3  
  77  6:11  Marine  
  83  6:17  Siege Tank  
  83  6:21  SCV  
  83  6:25  SCV  
  85  6:27  Starport Reactor, Marine x2  
  85  6:31  Marine  
  85  6:32  Marine  
  89  6:33  SCV  
  89  6:35  Supply Depot  
  89  6:37  Supply Depot  
  89  6:39  Factory  
  90  6:43  SCV  
  90  6:44  Barracks  
  90  6:46  SCV, Marine x2  
  94  6:57  SCV, Siege Tank  
  94  6:58  SCV  
  89  7:09  Marine x2  
  79  7:20  Medivac x2  
  76  7:25  SCV x2  
  76  7:27  Marine  
  76  7:29  Siege Tank  
  82  7:30  Barracks Reactor  
  82  7:33  Barracks Reactor  
  82  7:34  Barracks Reactor  
  82  7:37  SCV  
  82  7:38  Siege Tank, Marine  
  82  7:39  Marine x2  
  89  7:45  SCV, Marine  
  89  7:50  SCV  
  92  7:52  Medivac  
  92  7:55  Medivac  
  92  7:56  Marine  
  92  7:57  Terran Infantry Armor Level 1  
  97  8:01  Siege Tank  
  97  8:02  Marine x2  
  97  8:03  Marine  
  100  8:10  Siege Tank  
  100  8:12  SCV  
  104  8:14  Marine  
  104  8:16  Marine x5  
  104  8:17  Marine  
  111  8:20  Marine x2  
  111  8:26  SCV, Medivac  
  114  8:27  Marine  
  114  8:32  Marine  
  114  8:33  SCV  
  117  8:38  Marine  
  117  8:40  Marine x3  
  117  8:42  Marine x2  
  117  8:43  Marine x2  
  117  8:45  Siege Tank x2, Marine  
  117  8:49  SCV, Medivac  
  117  8:50  Marine  
  108  8:56  Supply Depot x2, Marine  
  108  8:58  SCV, Marine x3  
  108  9:00  Marine x4  
  114  9:05  Marine  
  114  9:08  Marine  
  117  9:14  Marine  
  117  9:16  Orbital Command, Marine x3  
  120  9:17  Siege Tank, Marine  
  120  9:19  Siege Tank  
  127  9:25  Marine x4  
  129  9:36  Medivac  
  129  9:37  Marine  
  129  9:38  Marine x5  
  135  9:42  Marine  
  135  9:43  Marine x2  
  140  9:46  Marine  
  141  9:54  Supply Depot x2  
  141  9:57  Siege Tank x2, Marine  
  148  10:06  Marine x2  
  149  10:07  Marine  
  149  10:10  Marine  
  149  10:11  Marine x3  
  149  10:13  Marine x2  
  141  10:15  Marine  
  135  10:22  Medivac x2  
  135  10:24  Marine x2  
  135  10:25  Marine  
  138  10:28  Marine x2  
  138  10:29  Siege Tank, Marine x2  
  138  10:34  Marine x3  
  148  10:40  Siege Tank  
  148  10:42  Marine x3  
  153  10:46  Marine x3  
  153  10:47  Marine  
  158  10:51  Sensor Tower  
  158  10:54  Marine x3  
  160  11:00  Marine x3  
  163  11:04  Marine  
  163  11:07  Command Center, Siege Tank  
  163  11:12  Supply Depot x2, Marine  
  163  11:13  Supply Depot  
  163  11:16  Marine  
  165  11:28  Marine x3  
  165  11:33  Siege Tank, Marine x6  
  165  11:39  Marine  
  175  11:41  Siege Tank  
  175  11:46  Marine x3  
  179  11:51  Marine x5  
  180  12:01  Marine  
  180  12:02  Marine  
  180  12:03  Marine  
  180  12:05  Siege Tank  
  180  12:08  Marine x2  
  177  12:09  Marine  
  177  12:10  Marine x2  
  177  12:11  Marine  
  177  12:14  Siege Tank  
  184  12:17  Marine  
  184  12:19  Marine x2  
  184  12:22  Medivac x2  
  191  12:29  Marine x2  
  189  12:34  Marine x2  
  179  12:38  Siege Tank, Marine x3  
  177  12:46  Siege Tank  
  179  12:56  Planetary Fortress  
  179  13:05  Marine x6  
  183  13:07  Marine  
  183  13:10  Siege Tank  
  189  13:13  Marine x3  
  189  13:18  Siege Tank  
  195  13:25  Marine x3  
  183  13:28  Marine x3  
  183  13:30  Marine x2  
  188  13:37  Marine  
  188  13:39  Marine  
  180  13:42  Siege Tank  
  180  13:43  Marine x2  
  181  13:49  Marine x2  
  181  13:52  Siege Tank  
  180  14:02  Marine x2  
  168  14:06  Marine  
  168  14:07  Marine  
  151  14:13  Marine x4  
  151  14:14  Siege Tank  
  154  14:23  Medivac  
  159  14:24  Siege Tank  
  159  14:26  Marine  
  160  14:31  Command Center  
  156  14:39  Marine x3  
  156  14:40  Marine x2  
  161  14:46  Siege Tank  
  161  14:49  Marine x3  
  161  14:50  Marine  
  160  15:04  Siege Tank  
  163  15:09  Marine x6  
  163  15:10  Marine x4  
  173  15:18  Siege Tank  
  174  15:27  Marine x3  
  165  15:36  Siege Tank  
  165  15:41  Marine x3  
  165  15:42  Marine  
  159  15:46  Marine x3  
  159  15:49  Medivac  
  164  15:50  Siege Tank  
  160  15:58  Marine x3  
  160  15:59  Marine  
  160  16:03  Marine x3  
  164  16:08  Siege Tank  
  161  16:15  Marine x2  
  161  16:16  Marine x2  
  161  16:17  Marine x2  
  161  16:18  Marine  
  152  16:21  Marine x3  
  152  16:22  Siege Tank  
  123  16:33  Marine x2  
  123  16:34  Marine x4  
  123  16:36  Marine  
  123  16:39  Marine x2  
  128  16:41  Marine  
  116  16:47  Siege Tank  
  116  16:51  Marine  
  116  16:53  Marine x4  
  115  17:00  Marine x3  
  114  17:04  Marine x2  
  116  17:09  Marine  
  116  17:11  Marine x2  
  116  17:15  Planetary Fortress  
  119  17:22  Marine x2  
  119  17:24  Marine x2  
  119  17:29  Marine  
  112  17:47  Marine  
  112  17:48  Marine  
  112  17:49  Marine x3  
  112  17:50  Marine x5  
  122  17:53  Refinery  
  122  17:55  Refinery  
  121  18:05  Marine x2  
  121  18:07  Marine x4  
  121  18:08  Marine x4  
  126  18:16  SCV x3  
  124  18:23  Marine x2  
  124  18:25  Marine x3  
  129  18:28  SCV  
  129  18:30  Marine x2  
  129  18:31  SCV  
  129  18:33  Marine  
  133  18:37  Medivac  
  133  18:39  SCV  
  136  18:44  Marine x2  
  136  18:51  SCV  
  136  18:54  Marine x3  
  140  18:56  Siege Tank  
  140  19:00  Marine x2  
  145  19:03  Marine  
  145  19:09  Marine x2  
  148  19:10  Marine  
  142  19:19  Marine x3  
  142  19:20  Marine x2  
  142  19:22  Marine  
  142  19:23  Marine  
  149  19:29  Siege Tank  
  152  19:35  Refinery  
  152  19:36  Refinery, Marine  
  153  19:38  Marine  
  153  19:41  Marine x2  
  153  19:44  Marine x2  
  157  19:50  Marine x3  
  157  19:51  Marine  
  161  19:54  Medivac  
  161  19:59  Marine x2  
  154  20:02  Marine x3  
  154  20:07  Medivac  
  158  20:08  Marine  
  158  20:12  Marine x2  
  158  20:13  Marine  
  158  20:14  Marine  
  122  20:17  Marine x2  
  123  20:24  Medivac, Marine x2  
  127  20:30  Marine x4  
  127  20:34  Marine  
  127  20:35  Marine  
  111  20:38  Marine x2  
  111  20:41  Marine  
  105  20:43  Medivac  
  105  20:47  Refinery  
  96  20:50  Marine x2  
  96  20:51  Marine x2  
  96  20:56  Siege Tank  
  103  21:05  Marine x3  
  103  21:10  Marine x5  
  111  21:16  Siege Tank  
  104  21:22  Medivac  
  96  21:26  Marine x3  
  96  21:29  Marine  
  96  21:32  Marine  
  101  21:34  Marine  
  101  21:35  Marine  
  101  21:39  Marine  
  102  21:45  Marine x2  
  101  21:50  Marine  
  102  21:55  Marine  
  102  22:01  Medivac  
  105  22:13  Siege Tank  
  101  22:17  Marine, Orbital Command  
  90  22:23  Medivac  
  90  22:25  Marine  
  90  22:29  Marine  
  86  22:39  Siege Tank  
  86  22:40  Marine  
  90  22:44  Marine  
  90  22:45  Marine  
  90  22:50  Marine  
  93  22:51  Refinery  
  93  22:56  Marine x4  
  93  22:58  Marine x3  
  97  23:02  Marine x2  
  99  23:08  Marine  
  100  23:13  Marine  
  100  23:14  Marine x3  
  100  23:16  Marine x3  
  107  23:20  Marine  
  107  23:24  Marine  
  107  23:26  Marine  
  80  23:35  Marine x4  
  80  23:38  Marine  
  80  23:39  Marine x2  
  80  23:41  Siege Tank  
  90  23:43  Marine x2  
  92  23:52  Marine  
  92  23:53  Marine x2  
  92  23:54  Marine  
  94  23:57  Marine x4  
  94  24:01  Refinery, Marine x2  
  94  24:02  Refinery  
  100  24:10  Marine  
  100  24:11  Marine x3  
  100  24:15  Marine x3  
  99  24:17  Marine  
  78  24:33  Orbital Command  
  73  24:48  Marine  
Show
View Real Time Build Order
Export as new Build Order

Beastyqt Terran - Winner!

Build Orders: Reaper Expand, Bio Tank 

Get SALT Encoding   

  12  0:00  SCV  
  13  0:13  SCV  
  14  0:17  Supply Depot  
  14  0:25  SCV  
  15  0:39  SCV  
  15  0:42  Barracks  
  16  0:44  Refinery  
  16  0:51  SCV  
  17  1:03  SCV  
  18  1:15  SCV  
  19  1:29  Orbital Command  
  19  1:30  Reaper  
  20  1:44  Command Center  
  20  1:55  SCV  
  21  2:03  Reaper  
  21  2:07  SCV  
  21  2:08  Supply Depot  
  23  2:23  Factory  
  23  2:25  Refinery  
  23  2:29  SCV  
  24  2:40  Barracks Reactor  
  24  2:41  SCV  
  25  2:53  SCV  
  25  2:56  Orbital Command  
  26  3:05  SCV  
  26  3:08  Starport  
  26  3:11  Hellion  
  29  3:18  SCV  
  30  3:24  SCV  
  30  3:25  Command Center  
  31  3:30  SCV  
  31  3:32  Factory Tech Lab  
  31  3:33  Supply Depot  
  32  3:37  SCV  
  32  3:44  Marine x2  
  32  3:46  SCV  
  35  3:50  Viking  
  35  3:52  SCV  
  35  3:54  Siege Tank  
  41  3:58  SCV  
  42  4:04  SCV  
  42  4:05  Marine x2  
  44  4:10  SCV  
  44  4:15  Supply Depot  
  44  4:16  SCV  
  46  4:22  SCV  
  47  4:28  SCV  
  46  4:32  Factory Tech Lab  
  46  4:34  SCV  
  46  4:37  Refinery, Raven, Marine  
  46  4:38  Orbital Command, Refinery, Marine  
  51  4:40  SCV  
  51  4:44  Engineering Bay  
  52  4:46  SCV  
  52  4:50  Siege Tank  
  52  4:52  SCV  
  57  4:56  Barracks  
  57  4:58  SCV, Barracks  
  58  5:02  Marine x2  
  58  5:04  SCV  
  58  5:06  SCV  
  62  5:10  SCV  
  62  5:12  Supply Depot  
  63  5:16  SCV  
  63  5:18  SCV  
  63  5:19  Missile Turret  
  64  5:22  SCV  
  64  5:27  Missile Turret  
  62  5:28  SCV  
  62  5:30  SCV  
  62  5:34  SCV, Viking x2  
  69  5:37  Missile Turret  
  69  5:41  SCV, Marine  
  69  5:42  SCV  
  68  5:47  SCV, Stimpack, Barracks Reactor x2  
  67  5:53  SCV  
  67  5:54  SCV  
  67  5:58  Siege Tank  
  67  5:59  SCV  
  70  6:04  Viking x2  
  70  6:05  SCV  
  70  6:06  SCV, Supply Depot  
  70  6:09  Missile Turret  
  70  6:11  Marine  
  76  6:12  Terran Infantry Weapons Level 1  
  76  6:15  SCV  
  76  6:19  SCV  
  77  6:25  Marine  
  77  6:26  Marine x3  
  77  6:29  SCV  
  77  6:31  Supply Depot  
  77  6:32  Barracks  
  82  6:33  Supply Depot, Barracks  
  82  6:34  SCV  
  82  6:35  Orbital Command  
  83  6:44  SCV  
  83  6:46  SCV  
  85  6:53  Siege Tank, Marine x4  
  92  6:55  Medivac x2  
  92  6:58  Supply Depot x2, Missile Turret  
  92  7:01  SCV x2  
  98  7:05  SCV  
  96  7:10  Marine  
  96  7:13  SCV x2  
  96  7:15  Marine x3  
  92  7:17  SCV  
  92  7:20  Marine  
  92  7:21  Barracks Reactor x2  
  93  7:25  SCV x2  
  93  7:28  Siege Tank, Marine  
  93  7:29  SCV  
  100  7:33  Marine x3  
  100  7:34  Sensor Tower  
  103  7:37  SCV x2  
  103  7:41  SCV  
  103  7:42  Sensor Tower  
  106  7:49  SCV x2, Combat Shields  
  106  7:50  Refinery x2, Medivac  
  106  7:51  Medivac  
  112  7:54  SCV  
  112  7:57  Marine x2  
  112  7:58  Marine  
  116  8:01  SCV  
  116  8:02  SCV  
  116  8:05  Supply Depot  
  117  8:06  Supply Depot  
  117  8:07  Supply Depot  
  117  8:11  Supply Depot  
  117  8:21  Command Center  
  117  8:26  Marine x6  
  123  8:27  Siege Tank, Marine x2  
  123  8:29  Terran Infantry Armor Level 1  
  123  8:31  Marine  
  123  8:32  Supply Depot  
  129  8:36  Medivac x2  
  132  8:44  Marine x6  
  132  8:45  SCV, Marine x2  
  129  8:49  Marine  
  129  8:50  SCV  
  129  8:54  SCV  
  117  8:57  SCV  
  117  8:59  Siege Tank  
  117  9:02  SCV, Marine x2  
  109  9:03  Marine x2  
  109  9:06  SCV, Medivac x2  
  109  9:07  Marine x3  
  119  9:12  Marine x2  
  121  9:26  Marine x3  
  121  9:27  Marine  
  121  9:31  SCV  
  123  9:32  Siege Tank  
  123  9:33  Marine  
  123  9:38  Marine  
  128  9:43  Marine  
  128  9:44  Marine  
  130  9:46  Marine x2  
  130  9:47  Marine x2  
  130  9:49  Armory  
  130  9:50  Engineering Bay, Medivac x2  
  138  9:53  Marine x2  
  138  9:54  Missile Turret  
  138  9:55  Marine  
  141  10:01  Marine x2  
  141  10:04  Siege Tank, Marine x2  
  148  10:07  Marine x2  
  148  10:11  Marine x2  
  148  10:13  Marine  
  145  10:19  Marine x2  
  145  10:20  Planetary Fortress  
  142  10:21  Marine x2  
  142  10:25  Marine x2  
  146  10:29  Marine x2  
  146  10:31  Marine  
  149  10:37  Terran Vehicle Weapons Level 1, Terran Infantry Weapons Level 2, Marine x2  
  149  10:39  Marine x2  
  143  10:43  Siege Tank, Marine x2  
  143  10:47  Marine x2  
  143  10:49  Marine  
  149  10:55  Marine x2  
  150  10:57  Marine x2  
  150  11:03  Marine x2, Medivac x2  
  158  11:04  Marine  
  159  11:14  Marine x3  
  159  11:16  Terran Infantry Armor Level 2  
  162  11:19  Supply Depot  
  162  11:20  Supply Depot  
  162  11:24  Supply Depot, Siege Tank  
  162  11:26  Supply Depot  
  162  11:28  Marine  
  162  11:31  Marine  
  162  11:32  Marine  
  159  11:39  Marine  
  147  11:50  Marine  
  147  11:51  Barracks, Marine x7  
  147  11:52  Factory  
  147  11:53  Barracks  
  151  11:54  Barracks  
  151  11:57  Marine  
  140  12:03  Siege Tank  
  134  12:08  Marine  
  134  12:09  Marine x7  
  134  12:15  Marine  
  143  12:21  Medivac  
  144  12:26  Marine x2  
  144  12:27  Marine x6  
  145  12:33  Marine  
  145  12:34  Terran Vehicle Weapons Level 2  
  145  12:35  Siege Tank  
  136  12:43  Barracks Tech Lab  
  136  12:44  Marine x6  
  135  12:45  Barracks Reactor  
  135  12:52  Factory Tech Lab  
  135  12:54  Barracks Reactor  
  135  12:55  Barracks Reactor  
  135  12:57  Marine x2  
  135  12:58  Medivac x2  
  141  13:02  Marine x2  
  141  13:03  Barracks Reactor  
  141  13:04  Marine x2  
  145  13:05  Terran Infantry Weapons Level 3  
  145  13:09  Marine x2  
  145  13:10  Siege Tank  
  150  13:19  Marine x2  
  138  13:21  Marine x2  
  138  13:22  Marine x3  
  138  13:27  Marine x2  
  128  13:28  Siege Tank  
  128  13:31  Marine x2  
  135  13:36  Marine  
  135  13:37  Marine x2  
  135  13:38  Marine  
  139  13:42  Marine x2  
  138  13:49  Siege Tank, Marine x7  
  138  13:52  Marine x2  
  138  13:54  Marine  
  138  13:55  Marine  
  148  13:57  Marine  
  148  14:01  Marine x2  
  144  14:07  Marine x3  
  144  14:08  Siege Tank  
  125  14:13  Marine x2  
  125  14:16  Marine x2  
  121  14:18  Marine x2  
  121  14:19  Marine  
  122  14:25  Marine x2  
  122  14:28  Marine  
  122  14:29  Marine x2  
  127  14:33  Marine x2  
  127  14:34  Siege Tank, Marine  
  111  14:41  Marine x2  
  113  14:50  Viking x2  
  120  14:52  Siege Tank  
  120  14:54  Marine  
  120  14:56  Marine  
  120  14:58  Marine  
  120  14:59  Marine  
  110  15:03  Marine x2  
  109  15:12  Marine x2  
  107  15:14  Marine  
  107  15:15  Marine x3  
  107  15:18  Marine x2  
  107  15:19  Marine  
  113  15:22  Marine  
  110  15:31  Marine x2  
  110  15:34  Siege Tank, Marine x2  
  115  15:37  Marine  
  115  15:38  Marine  
  115  15:40  Marine  
  113  15:44  Marine  
  113  15:45  Marine  
  113  15:47  Marine  
  109  15:50  Marine  
  109  15:53  Marine  
  109  15:54  Marine  
  98  15:58  Marine  
  98  16:01  Marine  
  100  16:06  Marine  
  101  16:14  Marine x2  
  101  16:15  Marine  
  101  16:17  Marine  
  97  16:19  Marine  
  97  16:23  Marine  
  97  16:24  Marine  
  95  16:27  Marine  
  95  16:30  Marine  
  92  16:33  Marine  
  92  16:36  Marine  
  91  16:46  Marine x2  
  91  16:47  Marine x2  
  82  16:57  Marine x2  
  82  16:58  Marine x2  
  81  17:03  Marine  
  81  17:09  Orbital Command  
  81  17:14  Marine x2  
  81  17:15  Siege Tank  
  83  17:19  Marine  
  84  17:32  Marine x5  
  86  17:41  Siege Tank, Marine  
  88  17:44  Marine  
  89  17:54  Marine x2  
  89  17:56  Siege Tank  
  94  18:00  Marine  
  95  18:09  Marine  
  95  18:10  Marine  
  95  18:12  Marine x2  
  96  18:13  Siege Tank  
  96  18:16  Marine  
  96  18:18  Marine  
  97  18:22  Marine  
  97  18:23  Marine x2  
  100  18:28  Siege Tank, Marine x2  
  104  18:41  Marine  
  104  18:42  Marine x2  
  104  18:44  Orbital Command  
  104  18:45  Siege Tank  
  110  18:48  Marine  
  110  18:51  Marine  
  110  18:53  Marine x3  
  102  19:01  Marine x2  
  102  19:02  Marine  
  105  19:14  Marine x2  
  107  19:21  Marine x2  
  109  19:26  Marine  
  110  19:33  Marine  
  110  19:37  Marine  
  105  20:08  Marine x2  
  92  20:16  Marine x2  
  92  20:18  Marine x3  
  98  20:22  Marine  
  98  20:23  Marine  
  99  20:33  Marine  
  99  20:41  Marine x2  
  99  20:42  Siege Tank  
  97  20:47  Marine x3  
  97  20:49  Marine  
  101  20:50  Marine  
  101  20:53  Marine  
  103  21:10  Marine x2  
  179  21:11  Marine x2, Medivac x2  
  105  21:14  Siege Tank  
  114  21:19  Marine x2  
  114  21:20  Marine  
  115  21:32  Marine x2  
  115  21:38  Marine x3  
  115  21:39  Marine  
  116  21:40  Marine  
  116  21:41  Marine  
  116  21:43  Orbital Command  
  116  21:46  Siege Tank  
  121  21:48  Marine  
  115  22:18  Siege Tank  
  115  22:45  Orbital Command  
  111  23:29  Marine  
  111  23:30  Marine  
  100  23:35  Marine x4  
  104  23:54  Marine  
  104  23:55  Marine x3  
  107  24:01  Marine  
  108  24:17  Marine x3  
  108  24:18  Marine  
  108  24:19  Siege Tank  
  108  24:20  Marine x2  
  108  24:21  Marine x2  
  108  24:22  Marine  
  104  24:33  Orbital Command  
  104  24:35  Marine x3  

Tags
 
Add a new tag
Caveats
  • Supply blocks, unpowered buildings, or Contaminate may cause inaccurate times.
  • Supply counts are checked every 10 seconds.